 Dungeon Crawl Stone Soup version 0.28-a0-1447-ga5a8893891 (webtiles) character file.

Game seed: 16558083542000596242

4510 herbaltea the Frost Mage (level 10, -10/79 HPs)
             Began as a Barachi Ice Elementalist on Jan 12, 2022.
             Was an Initiate of Yredelemnul.
             Killed from afar by Harold (13 damage)
             ... with a harpoon shot
             ... on level 9 of the Dungeon.
             The game lasted 00:43:34 (10830 turns).

herbaltea the Frost Mage (BaIE)                    Turns: 10830, Time: 00:43:34

Health: -10/79     AC:  9    Str: 12    XL:     10   Next: 39%
Magic:  14/20      EV: 14    Int: 17    God:    Yredelemnul [......]
Gold:   403        SH:  0    Dex: 13    Spells: 15/22 levels left

rFire   . . .      SeeInvis .   b - +2 dagger (venom)
rCold   + . .      Faith    .   (no shield)
rNeg    . . .      Spirit   .   w - +3 leather armour of Zowaom {Rampage rPois}
rPois   +          Reflect  .   o - +1 helmet
rElec   .          Harm     .   R - +0 cloak {rPois}
rCorr   +          Rampage  +   (no gloves)
Will    .....                   (no boots)
Stlth   +++.......              K - amulet of the acrobat
HPRegen 0.23/turn               P - ring of resist corrosion
MPRegen 0.17/turn               H - ring of protection from cold

@: unable to hop, slow
A: amphibious, slowness 1, strong legs 1, +LOS
a: Hop, Renounce Religion, Recall Undead Harvest


You were on level 9 of the Dungeon.
You worshipped Yredelemnul.
Yredelemnul was noncommittal.
You visited 2 branches of the dungeon, and saw 10 of its levels.

You collected 473 gold pieces.
You spent 70 gold pieces at shops.

Inventory:

Hand Weapons
 a - a +0 hunting sling
 b - a +2 dagger of venom (weapon)
 d - a +0 spear
 e - a +0 club
 m - a +0 mace
 y - a +0 halberd
 F - a +2 dagger of protection
 M - a +0 trident
 Q - a +3 quarterstaff of chaos
 S - a +2 vampiric dagger
 U - a +5 halberd
 V - a +4 falchion
Missiles
 f - 223 stones
 h - 124 sling bullets
 r - 42 bolts
 t - 27 poisoned darts (quivered)
 D - a silver boomerang
 E - 55 arrows
 G - a boomerang
Armour
 o - a +1 helmet (worn)
 p - a +0 plate armour
 w - the +3 leather armour of Zowaom (worn) {Rampage rPois}
   (You found it on level 5 of the Dungeon)

   rPois:     It protects you from poison.
   Rampage:   It bestows one free step when moving towards enemies.
 B - a +0 chain mail
 O - a +2 leather armour of cold resistance
 R - a +0 cloak of poison resistance (worn)
Jewellery
 v - a +6 ring of strength
 H - a ring of protection from cold (right hand)
 K - an amulet of the acrobat (around neck)
 P - a ring of resist corrosion (left hand)
Wands
 u - a wand of flame (15)
 z - a wand of digging (5)
 C - a wand of paralysis (7)
Scrolls
 c - 5 scrolls of teleportation
 g - a scroll of vulnerability {unknown}
 i - 2 scrolls of fear {unknown}
 s - 2 scrolls of amnesia {unknown}
 x - 2 scrolls of magic mapping {unknown}
 I - a scroll of enchant armour {unknown}
 L - 2 scrolls of immolation {unknown}
 N - a scroll of silence {unknown}
 T - 2 scrolls of noise {unknown}
Potions
 j - 3 potions of flight
 k - 2 potions of berserk rage
 l - 4 potions of curing
 n - 3 potions of mutation
 q - a potion of might
 A - a potion of attraction
 J - 2 potions of haste
 W - a potion of brilliance {unknown}


   Skills:
 + Level 7.2 Fighting
 - Level 7.0 Dodging
 + Level 6.4 Stealth
 + Level 6.8 Spellcasting
 - Level 8.0 Ice Magic
 + Level 4.2 Invocations
 - Level 4.0 Evocations


You had 15 spell levels left.
You knew the following spells:

 Your Spells              Type           Power      Damage    Failure   Level
b - Freeze                Ice            100%       1d11      1%          1
r - Frozen Ramparts       Ice            66%        1d8       1%          3
x - Ozocubu's Armour      Ice            33%        N/A       1%          3

Your spell library contained the following spells:

 Spells                   Type           Power      Damage    Failure   Level
 Hailstorm                Conj/Ice       19%        3d6       28%         4
 Dazzling Flash           Conj/Hex       10%        N/A       41%         3
 Portal Projectile        Hex/Tloc       10%        N/A       41%         3
 Iskenderun's Mystic Bla  Conj/Tloc      5%         2d3       83%         4
 Blade Hands              Tmut           2%         N/A       99%         5
 Excruciating Wounds      Necr           2%         N/A       99%         5
 Starburst                Conj/Fire      2%         6d3       100%        6


Dungeon Overview and Level Annotations

Branches:
Dungeon (9/15)             Temple (1/1) D:4
   Lair: D:8-11         Orc: D:9-12

Altars:
Ashenzari
Cheibriados
Dithmenos
Elyvilon
Fedhas
Gozag
Hepliaklqana
Kikubaaqudgha
Makhleb
Nemelex Xobeh
Okawaru
Qazlal
Ru
Sif Muna
Trog
Uskayaw
Vehumet
Wu Jian
Xom
Yredelemnul
Zin
The Shining One

Shops:
D:4 ?*:*   D:5 *

Annotations:
D:9 Harold


Innate Abilities, Weirdness & Mutations

You are amphibious.
You cover ground slowly.
You can hop short distances.
You have an extended range of vision and can be seen from far away.


Message History

Here: Harold, wielding a +0 long sword and wearing a +1 scale mail of poison resistance (heavily wounded, very poisoned)
The floor.
Casting: Ozocubu's Armour (safe; 1% risk of failure)
Confirm with . or Enter, or press ? or * to list all spells.
Aiming: Freeze (safe; 1% risk of failure)
Press: ? - help, Shift-Dir - straight line, f - Harold
Aim: Harold, wielding a +0 long sword and wearing a +1 scale mail of poison resistance (heavily wounded, very poisoned)
You freeze Harold.
Harold is heavily wounded.
The frozen ramparts melt away.
Harold hits you with a +0 long sword!
* * * LOW HITPOINT WARNING * * *
Hop to where?
Press: ? - help, Dir - move target, p - Harold Your icy armour will break if you move.
Continue?
Your icy armour cracks and falls away as you move.
Boing!
That's the wrong kind of item! (Use * to select it.) Evoke which item? (* to show all) (? for menu, Esc to quit)
Aiming: Throw Flame
Press: ? - help, Shift-Dir - straight line, f - Harold
Aim: Harold, wielding a +0 long sword and wearing a +1 scale mail of poison resistance (sparse dust, severely wounded, very poisoned, 83% to hit)
The puff of flame hits Harold.
Harold is severely wounded.
That's the wrong kind of item! (Use * to select it.) Evoke which item? (* to show all) (? for menu, Esc to quit)
Okay, then.
Aiming: Paralyse
Press: ? - help, Shift-Dir - straight line, f/p - Harold
Aim: Harold, wielding a +0 long sword and wearing a +1 scale mail of poison resistance (severely wounded, poisoned, chance to affect: 25%)
Okay, then.
Unknown command.
Aiming: Throw Flame
Press: ? - help, Shift-Dir - straight line, f/p - Harold
Aim: Harold, wielding a +0 long sword and wearing a +1 scale mail of poison resistance (severely wounded, poisoned, 83% to hit)
The puff of flame hits Harold!
Harold is severely wounded.
Harold fires a harpoon shot at you. The harpoon shot hits you!
You die...
Your body rises from the dead as a mindless zombie.

#.......(..# #.#
########(### #.#
##.# #.# #.@#
###'### #####'####
#.....# #........#
#.....# #........#
#.....#
#........#####.....#
+....@...##..'.....#
#........#..##>....#
#........'.###.....#
#........### ####'##
#####+#### ##.# #..#
#.## ######.####
###.........#


You could see Harold (poisoned).

Vanquished Creatures
  A two-headed ogre (D:8)
  Maurice (D:8)
  2 steam dragons
  2 water moccasins (D:6)
  A hornet zombie (D:9)
  2 orc warriors
  An ice beast (D:6)
  4 ogres
  A phantom (D:4)
  2 bullfrogs (D:4)
  2 water moccasin skeletons
  2 wights (D:8)
  A bullfrog zombie (D:6)
  2 centaur zombies
  3 hounds
  A gnoll shaman (D:5)
  3 jellies
  Crazy Yiuf (D:7)
  2 orc priests
  2 bullfrog skeletons
  2 iguanas
  Jessica (D:2)
  2 centaur skeletons
  Ijyb (D:3)
  10 orc wizards
  3 hound skeletons
  Robin (D:2)
  A howler monkey zombie (D:5)
  3 gnolls (D:5)
  10 adders
  2 white imps
  2 dart slugs
  15 orcs
  10 endoplasms
  4 giant cockroaches
  12 goblins
  14 hobgoblins
  4 jackals (D:1)
  3 quokkas
  6 ball pythons
  6 bats
  4 frilled lizards
  12 kobolds
  7 rats
171 creatures vanquished.

Vanquished Creatures (collateral kills)
  Joseph (D:7)
  A water moccasin (D:8)
  An ice beast (D:7)
  An ogre (D:7)
  A bullfrog (D:7)
  A water moccasin zombie (D:5)
  A water moccasin skeleton (D:5)
  A wight (D:8)
  A centaur zombie (D:7)
  An orc wizard (D:6)
  A howler monkey zombie (D:8)
  An adder (D:5)
  2 orcs
14 creatures vanquished.

Vanquished Creatures (others)
  A spectral ice beast (D:6)
  A hound zombie (D:6)
  6 orc zombies
  A spectral white imp (D:5)
  5 fungi
  6 toadstools (D:2)
20 creatures vanquished.

Grand Total: 205 creatures vanquished

Notes
Turn   | Place    | Note
-------+----------+-------------------------------------------
     0 | D:1      | herbaltea the Barachi Ice Elementalist began the quest for
                  | the Orb.
     0 | D:1      | Reached XP level 1. HP: 13/13 MP: 3/3
   373 | D:1      | Reached skill level 5 in Ice Magic
   373 | D:1      | Reached XP level 2. HP: 20/20 MP: 5/5
   879 | D:1      | Reached skill level 1 in Fighting
   895 | D:1      | Reached XP level 3. HP: 26/26 MP: 4/6
  1636 | D:2      | Noticed Robin
  1664 | D:2      | Reached XP level 4. HP: 11/32 MP: 1/8
  1680 | D:2      | Killed Robin
  2078 | D:2      | Learned a level 3 spell: Frozen Ramparts
  2082 | D:2      | Learned a level 3 spell: Ozocubu's Armour
  2173 | D:2      | Noticed Jessica
  2179 | D:2      | Killed Jessica
  2282 | D:2      | Reached XP level 5. HP: 38/38 MP: 9/9
  2895 | D:2      | Reached skill level 6 in Ice Magic
  3246 | D:3      | Noticed Ijyb
  3264 | D:3      | Killed Ijyb
  3265 | D:3      | Reached XP level 6. HP: 30/46 MP: 1/10
  3479 | D:3      | Found a faded altar of an unknown god.
  3851 | D:4      | Found Cufrotez's Assorted Antiques.
  3907 | D:4      | Reached XP level 7. HP: 52/52 MP: 4/12
  4089 | D:4      | Reached skill level 7 in Ice Magic
  4132 | D:4      | Found Famok's Assorted Antiques.
  4326 | D:4      | Found Haegeq's Magic Scroll Shop.
  4332 | D:4      | Bought a scroll of identify for 28 gold pieces
  4332 | D:4      | Bought a scroll of teleportation for 42 gold pieces
  4346 | D:4      | Found a staircase to the Ecumenical Temple.
  4563 | Temple   | Entered the Ecumenical Temple
  4877 | Temple   | Became a worshipper of Yredelemnul the Dark
  4976 | D:4      | Found Hiotis Byde's Book Emporium.
  5287 | D:5      | Entered Level 5 of the Dungeon
  5410 | D:5      | Reached * piety under Yredelemnul
  5534 | D:5      | Identified the +3 leather armour of Zowaom {Rampage rPois}
  5697 | D:5      | Found Pimuibb's Assorted Antiques.
  5752 | D:5      | Reached XP level 8. HP: 15/60 MP: 7/14
  6153 | D:5      | Reached skill level 8 in Ice Magic
  6474 | D:5      | Reached ** piety under Yredelemnul
  6994 | D:6      | Reached skill level 5 in Dodging
  6994 | D:6      | Reached skill level 1 in Evocations
  7167 | D:6      | Reached skill level 1 in Invocations
  7180 | D:6      | Reached skill level 5 in Fighting
  7188 | D:6      | Reached skill level 5 in Spellcasting
  7203 | D:6      | Reached XP level 9. HP: 38/68 MP: 9/16
  7457 | D:6      | Found a hide-covered altar of Uskayaw.
  7457 | D:6      | Found a glowing golden altar of the Shining One.
  7734 | D:6      | Reached skill level 5 in Stealth
  8536 | D:7      | Noticed Joseph
  8555 | D:7      | Killed Joseph
  9408 | D:7      | Found a runed translucent door.
  9409 | D:7      | Noticed Crazy Yiuf
  9421 | D:7      | Killed Crazy Yiuf
  9428 | D:7      | Reached *** piety under Yredelemnul
  9731 | D:8      | Noticed Maurice
  9760 | D:8      | Killed Maurice
  9761 | D:8      | Reached XP level 10. HP: 67/77 MP: 13/19
  9942 | D:8      | Noticed a two-headed ogre
  9961 | D:8      | Killed a two-headed ogre
 10781 | D:9      | Noticed Harold
 10826 | D:9      | HP: 2/79 [Harold (14)]
 10830 | D:9      | Killed from afar by Harold

Illustrated notes

Levels and vault maps discovered:
D:1:      amcnicky_arrival_choice, layout_basic, serial_co_window_serial,
          co_window_paths_b, co_window_paths_a, co_window_corner_a,
          co_window_paths_a, co_window_paths_a, co_window_of_opportunity_c,
          co_window_corner_ca, co_window_of_opportunity_b, co_window_corner_b,
          co_window_paths_e, glass_columns_a, glass_columns_c, glass_columns_b
D:2:      cheibrodos_fertilizer, layout_loops_ring, uniq_robin, uniq_jessica
D:3:      layout_rooms, shapermc_ecumenical_altar_acropolis, uniq_ijyb
D:4:      layout_cave_pools, minmay_temple_entry_nine_rooms, serial_shops, shop,
          shop, nicolae_diamond_shop, shop_fountains, serial_co_window_serial,
          co_window_corner_a, co_window_paths_b, co_window_paths_a,
          co_window_paths_a, co_window_paths_a, co_window_paths_a,
          co_window_paths_a, co_window_broadway_a, co_window_corner_ca,
          co_window_corner_b, co_window_4corner_b, co_window_paths_d,
          glass_columns_b, glass_columns_a, glass_columns_a, glass_columns_c,
          glass_columns_b, kennysheep_generic_room_5
D:5:      layout_basic, serial_shops, kennysheep_little_box,
          minmay_misc_feat_hallway
D:6:      layout_loops_corners, gammafunk_temple_overflow_pools
D:7:      layout_rooms, minmay_misc_feat_pillars, uniq_crazy_yiuf_cottage,
          uniq_joseph
D:8:      layout_basic, uniq_maurice
D:9:      layout_roguey, uniq_erica, uniq_harold, uniq_erolcha
Temple:   mainiacjoe_temple_cubbyholes

Skill      XL: |  1  2  3  4  5  6  7  8  9 10 |
---------------+-------------------------------+-----
Ice Magic      | 5 6 7 8 |  8.0
Stealth        | 2 3 4 6 |  6.4
Fighting       | 1 2 3 5 6 7 |  7.2
Dodging        | 3 4 5 6 7 |  7.0
Spellcasting   | 3 4 5 6 |  6.8
Evocations     | 2 4 |  4.0
Invocations    | 1 3 4 |  4.2

Action                   |  1- 3 |  4- 6 |  7- 9 | 10-12 || total
-------------------------+-------+-------+-------+-------++-------
Melee: Dagger            |    15 |   100 |   306 |    87 ||   508
       Punch             |       |     2 |     1 |       ||     3
       Quarterstaff      |       |     7 |     4 |       ||    11
 Fire: Hunting sling     |    50 |    64 |    30 |       ||   144
Throw: Dart              |       |       |       |     3 ||     3
 Cast: Freeze            |    35 |    13 |    15 |     1 ||    64
       Frozen Ramparts   |       |     8 |    12 |     3 ||    23
       Ozocubu's Armour  |       |     3 |    14 |     4 ||    21
Invok: Recall Undead Har |       |       |     1 |       ||     1
       Dark Bargain      |       |       |     1 |       ||     1
 Abil: Hop               |       |     1 |     1 |     1 ||     3
Evoke: Wand              |       |       |     7 |     2 ||     9
  Use: Potion            |       |     1 |       |       ||     1
       Scroll            |       |       |     5 |     1 ||     6
 Stab: Distracted        |       |       |     1 |     2 ||     3
       Sleeping          |       |       |     6 |     3 ||     9
Armor: Robe              |     6 |       |       |       ||     6
       Ring mail         |       |    45 |    36 |       ||    81
       Leather armour    |       |       |    71 |    36 ||   107
Dodge: Dodged            |    19 |    56 |   227 |    79 ||   381

Table legend: (Time is in decaauts)
 A = Elapsed time spent in this place.
 B = Non-inter-level travel time spent in this place.
 C = Inter-level travel time spent in this place.
 D = Time resting spent in this place.
 E = Time spent auto-exploring this place.
 F = Levels seen in this place.
 G = Mean time per level.
                   A        B        C        D        E       F      G
               +--------+--------+--------+--------+--------+-----+--------+
         Total |  12001 |  11511 |    490 |   1384 |   7953 |  10 | 1200.1 |
       Dungeon |  11578 |  11166 |    412 |   1384 |   7610 |   9 | 1286.4 |
        Temple |    423 |    345 |     78 |      0 |    342 |   1 |  423.0 |
               +--------+--------+--------+--------+--------+-----+--------+

Top non-repeatable levels by time:
     D:2: 1978 daAuts
     D:5: 1744 daAuts
     D:1: 1598 daAuts
     D:6: 1529 daAuts
     D:7: 1503 daAuts
     D:4: 1354 daAuts
     D:8: 1169 daAuts
     D:3: 557 daAuts
  Temple: 423 daAuts
     D:9: 143 daAuts
